[Event "5th EFE Metz Festival IM 2019"]
[Site "Metz"]
[Date "2019.07.28"]
[Round "9.3"]
[White "Villegas, Pierre"]
[Black "Ravi, Teja S."]
[Result "1/2-1/2"]
[ECO "D11"]
[WhiteElo "2349"]
[BlackElo "2410"]
[Annotator "NA"]
[PlyCount "55"]
[EventDate "2019.07.22"]
[EventType "tourn"]
[EventCountry "FRA"]
[SourceTitle "playchess.com"]
[Source "ChessBase"]
[SourceQuality "1"]
[TimeControl "5400+30"]

1. d4 d5 2. c4 c6 3. Nf3 Nf6 4. Qc2 dxc4 5. e4 b5 6. b3 cxb3 7. axb3 e6 8. Bd2 a5 9. Bd3 Bb7 10. O-O Be7 11. Rc1 h6 12. Qd1 b4 13. Qe2 Ba6 14. Bxa6 Rxa6 15. Bf4 Ra8 16. Bxb8 Qxb8 17. Rxc6 O-O 18. Nbd2 Qb7 19. Qc4 Rfc8 20. Ne5 Nd7 21. Rc1 Rxc6 22. Nxc6 Bg5 23. Rc2 Nf6 24. f3 Qa6 25. Nf1 Nd7 26. g3 Qb6 27. f4 Bd8 28. Nd2 1/2-1/2

[Event "5th EFE Metz Festival IM 2019"]
[Site "Metz"]
[Date "2019.07.28"]
[Round "9.4"]
[White "Mouhamad, Joachin"]
[Black "Maurizzi, Marc Andria"]
[Result "1/2-1/2"]
[ECO "C11"]
[WhiteElo "2302"]
[BlackElo "2412"]
[Annotator "NA"]
[PlyCount "75"]
[EventDate "2019.07.22"]
[EventType "tourn"]
[EventCountry "FRA"]
[SourceTitle "playchess.com"]
[Source "ChessBase"]
[SourceQuality "1"]
[TimeControl "5400+30"]

1. e4 e6 2. d4 d5 3. Nc3 Nf6 4. e5 Nfd7 5. f4 c5 6. Nf3 Nc6 7. Be3 Be7 8. Qd2 O-O 9. dxc5 Qa5 10. O-O-O b6 11. Bb5 Nb4 12. a3 bxc5 13. Kb1 Nb6 14. axb4 cxb4 15. Nd4 bxc3 16. Qxc3 Qxc3 17. bxc3 Bd7 18. Bxd7 Nxd7 19. Nc6 Ba3 20. c4 Rfc8 21. cxd5 exd5 22. Na5 Rab8+ 23. Nb3 a5 24. Rxd5 a4 25. Rxd7 axb3 26. c4 Rxc4 27. Rhd1 h6 28. Rd8+ Rxd8 29. Rxd8+ Kh7 30. Rd3 Bc5 31. Bxc5 Rxc5 32. Rxb3 g5 33. Rb7 Kg6 34. Rb6+ Kg7 35. fxg5 hxg5 36. e6 f5 37. e7 Re5 38. Kc2 1/2-1/2

[Event "5th EFE Metz Festival IM 2019"]
[Site "Metz"]
[Date "2019.07.28"]
[Round "9.5"]
[White "Harutyunyan, Ruben"]
[Black "Delorme, Alban"]
[Result "1/2-1/2"]
[ECO "A05"]
[WhiteElo "2326"]
[BlackElo "2327"]
[Annotator "NA"]
[PlyCount "66"]
[EventDate "2019.07.22"]
[EventType "tourn"]
[EventCountry "FRA"]
[SourceTitle "playchess.com"]
[Source "ChessBase"]
[SourceQuality "1"]
[TimeControl "5400+30"]

1. Nf3 Nf6 2. g3 c5 3. Bg2 g6 4. O-O Bg7 5. d3 O-O 6. e4 Nc6 7. Re1 d6 8. c3 e5 9. Nbd2 h6 10. a3 a5 11. a4 Be6 12. Nf1 Qd7 13. Ne3 Kh7 14. Nd2 Rae8 15. Ndc4 Ng4 16. Nxg4 Bxg4 17. Nb6 Qe6 18. f3 Bh3 19. Nd5 Rd8 20. Qb3 Rd7 21. Qc4 Bxg2 22. Kxg2 f5 23. Nb6 Qxc4 24. Nxc4 f4 25. Nb6 Rdd8 26. g4 Ne7 27. Nd5 Nxd5 28. exd5 g5 29. Ra3 Rd7 30. Rb3 Bf6 31. Bd2 Kg6 32. h3 h5 33. c4 Bd8 1/2-1/2